 Dungeon Crawl Stone Soup version 0.24.1-1-gd1d2a07e1b (webtiles) character file.

Game seed: 17573766862937632966, levelgen mode: deterministic

385 nightchill the Chopper (level 6, -6/47 HPs)
             Began as a Vampire Gladiator on Apr 9, 2020.
             Was an Initiate of Makhleb.
             Hit by a boomerang thrown by an orc warrior (17 damage)
             ... on level 4 of the Dungeon.
             The game lasted 00:08:17 (3374 turns).

nightchill the Chopper (Vampire Gladiator)          Turns: 3374, Time: 00:08:17

Health: -6/47      AC:  6    Str: 15    XL:     6   Next: 48%
Magic:  6/6        EV: 18    Int: 10    God:    Makhleb [......]
Gold:   74         SH:  0    Dex: 16    Spells: 5/5 levels left

rFire    . . .     SeeInvis +   a - +0 war axe
rCold    . . .     Gourm    .   (no shield)
rNeg     . . .     Faith    .   r - +0 ring mail
rPois    .         Spirit   .   c - +0 helmet
rElec    .         Reflect  .   (no cloak)
rCorr    .         Harm     .   (no gloves)
MR       .....                  (no boots)
Stlth    +.........             (no amulet)
HPRegen  0.35/turn              q - +6 ring of evasion
MPRegen  0.10/turn              (no ring)

@: regenerating quickly
A: no food, fangs 3, see invisible, unbreathing
a: Exsanguinate, Renounce Religion


You were on level 4 of the Dungeon.
You worshipped Makhleb.
Makhleb was noncommittal.
You were alive.

You visited 2 branches of the dungeon, and saw 5 of its levels.

You collected 74 gold pieces.

Inventory:

Hand Weapons
 a - a +0 war axe (weapon)
 f - a +0 hunting sling
Missiles
 d - 3 throwing nets
 h - 13 poisoned darts (quivered)
 o - 96 stones
Armour
 b - a +0 leather armour
 c - a +0 helmet (worn)
 r - a +0 ring mail (worn)
Jewellery
 q - a +6 ring of evasion (left hand)
Scrolls
 i - 2 scrolls of immolation {unknown}
 j - 2 scrolls of blinking {unknown}
 k - a scroll of magic mapping {unknown}
 l - 4 scrolls of teleportation {unknown}
 m - a scroll of remove curse {unknown}
 p - a scroll of enchant armour {unknown}
 s - a scroll of identify {unknown}
Potions
 e - a potion of mutation {unknown}
 g - a potion of lignification {unknown}
 n - a potion of cancellation {unknown}


   Skills:
 + Level 3.5 Fighting
 * Level 5.3 Axes
 - Level 2.7 Throwing
 - Level 3.2 Dodging


You had 5 spell levels left.
You didn't know any spells.
Your spell library contained the following spells:

 Spells                   Type           Power        Failure   Level  Hunger
 Sandblast                Erth           #.....       58%         1    N/A
 Passwall                 Tmut/Erth      #.......     75%         2    N/A
 Stone Arrow              Conj/Erth      #.....       92%         3    N/A
 Petrify                  Tmut/Erth      #.......     100%        4    N/A
 Lee's Rapid Deconstruct  Erth           #.........   100%        5    N/A

Dungeon Overview and Level Annotations

Branches:
Dungeon (4/15)             Temple (1/1) D:4

Altars:
Dithmenos
Gozag
Hepliaklqana
Kikubaaqudgha
Makhleb
Nemelex Xobeh
Qazlal
Ru
Uskayaw
Wu Jian
Yredelemnul
The Shining One

Annotations:
D:3 exclusion: downstairs


Innate Abilities, Weirdness & Mutations

You do not eat.
Your natural rate of healing is unusually fast.
You have razor-sharp teeth.
You have supernaturally acute eyesight. (SInv)
You can survive without breathing.


Message History

Press: ? - help, Shift-Dir - straight line, f - orc warrior
Aim: an orc warrior, wielding a +0 morningstar and wearing a +0 chain mail You throw a poisoned dart.
The poisoned dart hits the orc warrior.
Throwing (i - inventory. (/) - cycle)
h - 14 poisoned darts (quivered)
Press: ? - help, Shift-Dir - straight line, f/p - orc warrior
Aim: an orc warrior, wielding a +0 morningstar and wearing a +0 chain mail You throw a poisoned dart.
The poisoned dart barely misses the orc warrior.
The orc warrior throws a boomerang.
The boomerang barely misses you.
The weapon returns to the orc warrior!
The orc warrior misses you.
You barely miss the orc warrior.
The orc warrior hits you with a +0 morningstar!!
You barely miss the orc warrior.
The orc warrior hits you with a +0 morningstar!!
* * * LOW HITPOINT WARNING * * *
The orc warrior throws a boomerang.
The boomerang closely misses you.
The weapon returns to the orc warrior!
The orc warrior throws a boomerang.
The boomerang hits you!
You die...

... ###.............# ...
##..........!...(# ........
###................# ........
#....##.(..........# ......$.#
##..................#
.........####....§.o...........#
).........#...#..§§............#
..................§.#..........#
................@..............#
.....$....<...................##
...............................#
>..............................#
...............................#
.......#.......................#
.........................[....#
# ...##.............÷.........##
. .. #.........>......#.....##


You could see an orc warrior.

Vanquished Creatures
  An ogre (Temple)
  A howler monkey (D:4)
  An orc priest (Temple)
  2 orc wizards
  A centaur skeleton (D:4)
  5 adders
  An ooze (D:3)
  6 worms
  A dart slug (D:1)
  A leopard gecko (D:3)
  6 orcs
  9 bats
  5 giant cockroaches
  6 goblins
  7 hobgoblins
  4 jackals (D:2)
  6 kobolds
  2 ball pythons (D:3)
  5 frilled lizards
  4 rats
74 creatures vanquished.

Notes
Turn   | Place    | Note
-------+----------+-------------------------------------------
     0 | D:1      | nightchill the Vampire Gladiator began the quest for the
                  | Orb.
     0 | D:1      | Reached XP level 1. HP: 16/16 MP: 1/1
   116 | D:1      | Reached skill level 3 in Axes
   244 | D:1      | Reached XP level 2. HP: 22/22 MP: 2/2
  1027 | D:2      | Reached XP level 3. HP: 27/27 MP: 3/3
  1542 | D:2      | Found a shadowy altar of Dithmenos.
  1936 | D:3      | Reached XP level 4. HP: 27/34 MP: 4/4
  2148 | D:3      | Found a glowing golden altar of the Shining One.
  2213 | D:3      | Reached skill level 4 in Axes
  2320 | D:3      | Reached XP level 5. HP: 39/39 MP: 5/5
  2612 | D:4      | Noticed an ogre
  2678 | D:4      | Found a staircase to the Ecumenical Temple.
  2704 | Temple   | Entered the Ecumenical Temple
  2912 | Temple   | Became a worshipper of Makhleb the Destroyer
  3020 | D:4      | Noticed an orc warrior
  3033 | D:4      | Noticed an ogre
  3189 | Temple   | Killed an ogre
  3189 | Temple   | Reached skill level 5 in Axes
  3189 | Temple   | Reached XP level 6. HP: 22/47 MP: 6/6
  3374 | D:4      | Hit by a boomerang thrown by an orc warrior

Levels and vault maps discovered:
D:1:      sevenhm_arrival_forest_fort_small_6, layout_basic
D:2:      layout_basic, grunt_dithmenos_smoke, nicolae_overflow_hidden_temple,
          serial_forest, infiniplex_forest_clump_medium,
          infiniplex_forest_clump_small, infiniplex_forest_clump_C,
          infiniplex_forest_clump_long, infiniplex_forest_zigzag_1,
          infiniplex_forest_3_way, infiniplex_forest_lined_corner,
          infiniplex_forest_clump_medium
D:3:      layout_rooms, lemuel_round_altar, first_ration, fountainhead
D:4:      layout_rooms, zin_academy, minmay_temple_entry_purple_smoke,
          uniq_sigmund
Temple:   jpeg_temple_alley_garden

Skill      XL: |  1  2  3  4  5 |
---------------+----------------+-----
Fighting       | 2 3 |  3.5
Axes           | 3 4 5 |  5.3
Throwing       | 2 |  2.7
Dodging        | |  3.2

Action                   |  1- 3 |  4- 6 || total
-------------------------+-------+-------++-------
Melee: War axe           |   115 |   124 ||   239
       Bite              |     9 |    11 ||    20
Throw: Dart              |       |     4 ||     4
 Stab: Sleeping          |     4 |       ||     4
Armor: Leather armour    |    34 |     7 ||    41
       Ring mail         |       |    26 ||    26
Dodge: Dodged            |    64 |   168 ||   232
